 Dungeon Crawl Stone Soup version 0.24.0-13-gcf9b3192b9 (webtiles) character file.

Game seed: 16596869604648665990, levelgen mode: deterministic

488 EriolAelfwine the Chopper (level 6, -3/57 HPs)
             Began as a Deep Dwarf Fighter on Nov 10, 2019.
             Was an Initiate of Makhleb.
             Killed by divine providence
             ... invoked by an orc priest
              (9 damage)
             ... on level 5 of the Dungeon.
             The game lasted 00:23:49 (3770 turns).

EriolAelfwine the Chopper (Deep Dwarf Fighter)      Turns: 3770, Time: 00:23:49

Health: -3/57      AC:  8    Str: 21    XL:     6   Next: 90%
Magic:  4/4        EV:  7    Int:  9    God:    Makhleb [......]
Gold:   204        SH:  0    Dex: 12    Spells: 5/5 levels left

rFire    + + .     SeeInvis .   a - +1 war axe
rCold    . . .     Gourm    .   c - +0 shield
rNeg     . . .     Faith    .   b - +0 scale mail
rPois    .         Spirit   .   (no helmet)
rElec    .         Reflect  .   (no cloak)
rCorr    .         Harm     .   o - +0 pair of gloves
MR       .....                  (no boots)
Stlth    ..........             (no amulet)
HPRegen  0.00/turn              p - ring of protection from fire
MPRegen  0.09/turn              l - ring of protection from fire

@: confused, non-regenerating, lightly drained
A: damage resistance, heal wounds, sense surroundings 1, no regeneration
a: Heal Wounds, Renounce Religion


You were on level 5 of the Dungeon.
You worshipped Makhleb.
Makhleb was noncommittal.
You were near starving.

You visited 1 branch of the dungeon, and saw 5 of its levels.

You collected 204 gold pieces.

Inventory:

Hand Weapons
 a - a +1 war axe (weapon)
 k - a +0 hunting sling
Armour
 b - a +0 scale mail (worn)
 c - a +0 shield (worn)
 o - a +0 pair of gloves (worn)
Jewellery
 l - a ring of protection from fire (right hand)
 p - a ring of protection from fire (left hand)
Wands
 j - a wand of random effects (21)
 r - a wand of flame (23)
Scrolls
 e - a scroll of fog {unknown}
 g - a scroll of teleportation
 h - a scroll of remove curse
 i - 3 scrolls of identify
 n - a scroll of fear {unknown}
 t - a scroll of amnesia
Potions
 d - 3 potions of might
 m - a potion of curing
 q - a potion of flight
 s - a potion of haste {unknown}
Comestibles
 f - 9 rations


   Skills:
 + Level 3.8(3.4) Fighting
 * Level 5.3(4.9) Axes
 + Level 4.7(4.3) Armour
 + Level 4.8(4.3) Shields
 + Level 1.7(1.3) Invocations


You had 5 spell levels left.
You didn't know any spells.
Your spell library was empty.

Dungeon Overview and Level Annotations

Branches:
Dungeon (5/15)
 Temple: D:4-7

Altars:
Elyvilon
Kikubaaqudgha
Makhleb
Sif Muna
Trog
Xom


Innate Abilities, Weirdness & Mutations

You are resistant to damage.
You can heal yourself by infusing magical energy.
You passively map a small area around you.
You do not regenerate.


Message History

You bump into the rock wall.
You bump into the rock wall.
The orc priest casts a cantrip, but nothing happens.
You bump into the rock wall.
The orc priest mumbles some strange prayers to Beogh against you.
Beogh smites you!
* * * LOW HITPOINT WARNING * * *
You bump into the rock wall.
You bump into the rock wall.
Something hits you.
You bump into the rock wall.
You feel less confused.
You hear some strange, mumbled words.
Something tries to affect you, but you resist.
You hear some strange, mumbled words.
You are confused.
You hear some strange, mumbled words.
Something tries to affect you, but you resist.
The orc priest calls down the wrath of Beogh upon you.
Beogh smites you!
You die...

###### * #o# ......,,, *
#o# * ####### ##### #.#
.>....# # *##...###.# *
#####.# #.##.....##o###
#.# #.#.......#..o# , #.#
#.........###.# #.#
#.......###.#####. #.#
##...@...oo.......#
#.########...#.###.#######
* #..............# #.# *
###########........#
#######..# * ..# #..#* *
.# * *


You could see an orc priest and an orc.

Vanquished Creatures
  A phantom (D:4)
  An orc priest (D:3)
  Natasha (thrice) (D:3)
  An orc wizard (D:4)
  3 worker ants
  A hound skeleton (D:4)
  A worker ant zombie (D:4)
  An adder (D:2)
  8 gnolls
  2 oozes (D:1)
  A worm (D:2)
  A dart slug (D:1)
  4 leopard geckos
  4 orcs
  A ball python (D:3)
  9 bats
  4 giant cockroaches
  8 goblins
  7 hobgoblins
  10 jackals
  7 quokkas
  6 frilled lizards
  6 kobolds
  4 rats
94 creatures vanquished.

Notes
Turn   | Place    | Note
-------+----------+-------------------------------------------
     0 | D:1      | EriolAelfwine the Deep Dwarf Fighter began the quest for
                  | the Orb.
     0 | D:1      | Reached XP level 1. HP: 20/20 MP: 1/1
    59 | D:1      | Reached XP level 2. HP: 27/27 MP: 2/2
   494 | D:1      | Reached skill level 3 in Axes
   506 | D:1      | Reached XP level 3. HP: 23/33 MP: 3/3
   957 | D:2      | Reached XP level 4. HP: 23/42 MP: 4/4
  1863 | D:3      | Noticed Natasha
  1974 | D:3      | Found a white marble altar of Elyvilon.
  2023 | D:3      | Reached XP level 5. HP: 49/49 MP: 5/5
  2061 | D:3      | Reached skill level 4 in Axes
  2347 | D:3      | Found a shimmering altar of Xom.
  2451 | D:3      | Killed Natasha
  2455 | D:3      | Noticed Natasha
  2470 | D:3      | Killed Natasha
  2603 | D:3      | Noticed Natasha
  2615 | D:3      | Killed Natasha
  2615 | D:3      | Reached XP level 6. HP: 31/56 MP: 6/6
  2738 | D:3      | Found a burning altar of Makhleb.
  2754 | D:3      | Became a worshipper of Makhleb the Destroyer
  3016 | D:4      | Found a shimmering blue altar of Sif Muna.
  3177 | D:3      | Reached skill level 5 in Axes
  3177 | D:3      | Reached skill level 1 in Invocations
  3464 | D:4      | Found a bloodstained altar of Trog.
  3464 | D:4      | Found an ancient bone altar of Kikubaaqudgha.
  3574 | D:5      | Entered Level 5 of the Dungeon
  3770 | D:5      | Killed from afar by an orc priest

Levels and vault maps discovered:
D:1:      doesnt_arrival_eight_statues, layout_basic
D:2:      layout_basic, first_ration
D:3:      layout_rooms, nicolae_overflow_hidden_temple, uniq_natasha
D:4:      layout_loops_ring, gammafunk_temple_overflow_wave, lemuel_round_altar,
          minmay_temple_entry_nine_rooms
D:5:      layout_loops_ring

Skill      XL: |  1  2  3  4  5  6 |
---------------+-------------------+-----
Axes           | 3 4 5 |  5.3
Fighting       | 3 |  3.8
Shields        | 4 |  4.8
Armour         | 4 |  4.7
Invocations    | 1 |  1.7

Action                   |  1- 3 |  4- 6 || total
-------------------------+-------+-------++-------
Melee: War axe           |   118 |   242 ||   360
 Abil: Heal Wounds       |       |    11 ||    11
  Use: Scroll            |       |    10 ||    10
       Potion            |       |     1 ||     1
  Eat: Chunk             |       |     8 ||     8
Armor: Scale mail        |    61 |   130 ||   191
Dodge: Dodged            |    47 |    86 ||   133
Block: Shield            |    61 |   138 ||   199
